Match 24170465
Unlisted

Match 24170465
End
Construct Barracks
Selects Airborne Battlegroup
Selects Pathfinders
Pathfinder Squad
Construct Weapon Support Center
Pathfinder Squad
M1919 Machine Gun Team
Bazooka Squad
Construct Medical Station
Selects Paratrooper Squad Paradrop
Paratrooper Squad Paradrop
Improved M9 Bazooka Rockets
Bazooka Squad
Infantry Support Center
Selects Recon Loiter
Construct Motor Pool
M8 Greyhound Armored Car
Selects Anti-tank Gun Team Paradrop
Construct Barracks
Engineer Squad
Mortar Pit
M24 Chaffee Light Tank
Construct Tank Depot
Riflemen Squad
M1 Mortar Team
Riflemen Squad
Anti-tank Gun Team Paradrop
M3 Armored Personnel Carrier
Selects Supply Drop
Selects Carpet Bombing Run
Carpet Bombing Run
M1918 Browning Automatic Rifles
M1 Anti-tank Gun Team
Riflemen Squad
Grenade Package
SideshowRob
HYNOUS
KYBERFILEVIČ
insane
iceman
UH|dun! ツ
0
0

Comments sign in to comment!

No comments posted yet!